 Dungeon Crawl Stone Soup version 0.21.0-3-g78d12a8 (webtiles) character file.

1359 Faca the Cleaver (level 8, -7/74 HPs)
             Began as a Minotaur Fighter on Jan 17, 2018.
             Was a Follower of Okawaru.
             Mangled by a red ugly thing (22 damage)
             ... on level 6 of the Dungeon.
             The game lasted 00:11:12 (3830 turns).

Faca the Cleaver (Minotaur Fighter)                 Turns: 3830, Time: 00:11:13

Health: -7/74      AC: 11    Str: 26    XL:     8   Next: 37%
Magic:  7/7        EV:  6    Int:  5    God:    Okawaru [*.....]
Gold:   197        SH: 10    Dex: 12    Spells: 7/7 levels left

rFire    . . .     SeeInvis .   a - +1 war axe
rCold    . . .     Gourm    .   c - +0 shield
rNeg     . . .     Faith    +   j - +0 chain mail
rPois    .         Spirit   .   (helmet restricted)
rElec    .         Reflect  .   i - +0 cloak
rCorr    .         Harm     .   B - +0 pair of gloves (curse)
MR       .....                  (no boots)
Stlth    ..........             g - amulet of faith
HPRegen  0.22/turn              (no ring)
MPRegen  0.10/turn              (no ring)

@: mighty
A: retaliatory headbutt, horns 2
a: Heroism, Renounce Religion


You were on level 6 of the Dungeon.
You worshipped Okawaru.
Okawaru was aware of your devotion.
You were not hungry.

You visited 1 branch of the dungeon, and saw 6 of its levels.
You also visited: Sewer.

You collected 197 gold pieces.

Inventory:

Hand Weapons
 a - a +1 war axe (weapon)
Missiles
 n - 5 javelins of penetration (quivered)
Armour
 c - a +0 shield (worn)
 i - a +0 cloak (worn)
 j - a +0 chain mail (worn)
 y - a +0 large shield
 B - a cursed +0 pair of gloves (worn)
Jewellery
 b - an uncursed ring of fire
 g - an amulet of faith (around neck)
 C - a +3 amulet of reflection {unknown}
Wands
 s - a wand of iceblast (4)
Scrolls
 e - 2 scrolls of blinking
 m - 3 scrolls of magic mapping
 o - a scroll of immolation
 p - a scroll of remove curse
 t - a scroll of enchant weapon
 v - 4 scrolls of teleportation
 A - 2 scrolls of enchant armour {unknown}
 D - a scroll of vulnerability {unknown}
Potions
 h - a potion of experience {unknown}
 k - 4 potions of heal wounds
 l - a potion of resistance {unknown}
 q - a potion of lignification {unknown}
 r - a potion of cancellation {unknown}
 u - a potion of curing {unknown}
 w - 2 potions of flight {unknown}
 x - a potion of haste {unknown}
 z - 3 potions of magic {unknown}
Comestibles
 f - 8 rations


   Skills:
 + Level 8.0 Fighting
 * Level 10.3 Axes
 - Level 3.6 Armour
 - Level 3.6 Shields


You had 7 spell levels left.
You didn't know any spells.

Dungeon Overview and Level Annotations

Branches:
Dungeon (6/15)             Temple (0/1) D:5

Altars:
Ashenzari
Cheibriados
Dithmenos
Gozag
Nemelex Xobeh
Okawaru
Qazlal
Ru
Sif Muna
Uskayaw
Vehumet
Xom
The Shining One


Innate Abilities, Weirdness & Mutations

You reflexively headbutt those who attack you in melee.
You have a pair of horns on your head.


Message History

The red ugly thing is lightly wounded.
The red ugly thing claws you!
You are engulfed in flames!
You closely miss the red ugly thing.
Your headbutt misses the red ugly thing.
The red ugly thing is lightly wounded.
You block the red ugly thing's attack.
The red ugly thing claws you but does no damage.
You closely miss the red ugly thing.
The red ugly thing is lightly wounded.
You block the red ugly thing's attack.
You closely miss the red ugly thing.
The red ugly thing is lightly wounded.
The red ugly thing claws you.
You are engulfed in flames!!
You slice the red ugly thing!!
Your headbutt misses the red ugly thing.
The red ugly thing is moderately wounded.
The red ugly thing claws you!
* * * LOW HITPOINT WARNING * * *
You are engulfed in flames!!
You die...

#.##
######.##
.........##
#####.....#
.........####
####........#
.# ##...###.#
.# ##### #.#
.# #@# .# #u#
s# ##s##.#
#...#.#
#.#...#
#...### ##..#
#..# ...#


You could see a red ugly thing and a giant cockroach.

Vanquished Creatures
  The ghost of garbled the Magician, a novice KoEE (D:5)
  Eustachio (D:4)
  Purgy (Sewer)
  A black bear (D:6)
  An ogre (D:4)
  A centaur (D:6)
  A scorpion (D:5)
  A crimson imp (D:6)
  2 hounds
  A jelly (D:5)
  Ijyb (D:3)
  Terence (D:3)
  3 orc wizards (D:5)
  3 worker ants
  A hound skeleton (D:4)
  4 gnolls (D:4)
  9 adders
  A river rat (D:5)
  A shadow imp (D:5)
  3 oozes
  An adder zombie (D:3)
  2 worms (D:2)
  A dart slug (D:2)
  A leopard gecko (D:1)
  15 orcs
  5 ball pythons
  6 giant cockroaches
  8 goblins
  6 hobgoblins
  3 jackals (D:3)
  2 quokkas
  8 bats
  15 frilled lizards
  A jackal skeleton (D:4)
  3 kobolds
  A leopard gecko skeleton (D:4)
  11 rats
127 creatures vanquished.

Notes
Turn   | Place    | Note
-------+----------+-------------------------------------------
     0 | D:1      | Faca the Minotaur Fighter began the quest for the Orb.
     0 | D:1      | Reached XP level 1. HP: 19/19 MP: 0/0
   224 | D:1      | Reached skill level 3 in Axes
   281 | D:1      | Reached XP level 2. HP: 23/27 MP: 1/1
   701 | D:2      | Reached XP level 3. HP: 33/33 MP: 2/2
   821 | D:2      | Reached skill level 4 in Axes
  1212 | D:3      | Noticed Ijyb
  1224 | D:3      | Killed Ijyb
  1224 | D:3      | Reached XP level 4. HP: 38/41 MP: 3/3
  1295 | D:3      | Noticed Terence
  1300 | D:3      | Killed Terence
  1300 | D:3      | Reached skill level 5 in Axes
  1350 | D:3      | Reached skill level 5 in Fighting
  1350 | D:3      | Reached XP level 5. HP: 47/48 MP: 4/4
  1532 | D:3      | Found a shimmering altar of Xom.
  1955 | D:4      | Reached skill level 6 in Axes
  1977 | D:4      | Found a sacrificial altar of Ru.
  1985 | D:4      | Found a shattered altar of Ashenzari.
  1985 | D:4      | Found a shadowy altar of Dithmenos.
  2001 | D:4      | Found a radiant altar of Vehumet.
  2056 | D:4      | Found a hide-covered altar of Uskayaw.
  2249 | D:4      | Reached XP level 6. HP: 52/56 MP: 5/5
  2266 | D:4      | Noticed Eustachio
  2288 | D:4      | Killed Eustachio
  2288 | D:4      | Reached skill level 7 in Axes
  2536 | D:4      | Reached XP level 7. HP: 61/63 MP: 6/6
  2591 | D:5      | Entered Level 5 of the Dungeon
  2658 | D:5      | Found a glowing golden altar of the Shining One.
  2658 | D:5      | Found a sparkling altar of Nemelex Xobeh.
  2658 | D:5      | Noticed garbled's ghost (novice KoEE)
  2659 | D:5      | Found an iron altar of Okawaru.
  2659 | D:5      | Found a snail-covered altar of Cheibriados.
  2660 | D:5      | Found an iron altar of Okawaru.
  2660 | D:5      | Found a deep blue altar of Sif Muna.
  2692 | D:5      | Killed garbled's ghost
  2692 | D:5      | Reached skill level 8 in Axes
  2693 | D:5      | Found an opulent altar of Gozag.
  2693 | D:5      | Found a hide-covered altar of Uskayaw.
  2694 | D:5      | Found a deep blue altar of Sif Muna.
  2694 | D:5      | Found an opulent altar of Gozag.
  2695 | D:5      | Found a shimmering altar of Xom.
  2695 | D:5      | Found a stormy altar of Qazlal.
  2698 | D:5      | Found a staircase to the Ecumenical Temple.
  2748 | D:5      | Became a worshipper of Warmaster Okawaru
  2808 | D:5      | Found a glowing drain.
  2815 | Sewer    | Entered a sewer
  2884 | Sewer    | Noticed Purgy
  2898 | Sewer    | Killed Purgy
  2898 | Sewer    | Reached skill level 9 in Axes
  3047 | D:5      | Reached XP level 8. HP: 73/73 MP: 7/7
  3067 | D:5      | Reached * piety under Okawaru
  3637 | D:6      | Reached skill level 10 in Axes
  3684 | D:6      | Found an opulent altar of Gozag.
  3820 | D:6      | Noticed a red ugly thing
  3830 | D:6      | Mangled by a red ugly thing

Skill      XL: |  1  2  3  4  5  6  7  8 |
---------------+-------------------------+-----
Axes           | 3 4 5 6 7 9 10 | 10.3
Fighting       | 4 5 6 7 8 |  8.0
Armour         | |  3.6
Shields        | |  3.6

Action                   |  1- 3 |  4- 6 |  7- 9 || total
-------------------------+-------+-------+-------++-------
Melee: War axe           |    97 |   132 |   106 ||   335
       Headbutt          |    17 |    22 |    21 ||    60
  Use: Scroll            |       |     9 |     1 ||    10
       Potion            |       |       |     1 ||     1
  Eat: Ration            |     1 |     1 |     1 ||     3
Armor: Scale mail        |    10 |       |       ||    10
       Chain mail        |    40 |    66 |    45 ||   151
Dodge: Dodged            |    18 |    21 |    19 ||    58
Block: Shield            |    49 |    65 |    46 ||   160
